 Dungeon Crawl Stone Soup version 0.29.0-4-gdea44cf6ec (webtiles) character file.

Game seed: 13909763394333119159

277 qw the Ruffian (level 6, -2/59 HPs)
             Began as a Troll Cinder Acolyte on Sept 3, 2022.
             Was a High Priest of Ignis.
             Succumbed to a scorpion's poison
             ... on level 4 of the Dungeon.
             The game lasted 00:01:43 (3208 turns).

qw the Ruffian (Troll Cinder Acolyte)               Turns: 3208, Time: 00:01:44

Health: -2/59      AC: 11    Str: 31    XL:     6   Next: 4%
Magic:  6/6        EV:  9    Int: 10    God:    Ignis [*****.]
Gold:   201        SH:  0    Dex:  5    Spells: 7/7 levels left

rFire   + . .      SeeInvis .     - Unarmed
rCold   . . .      Faith    .   (no shield)
rNeg    . . .      Spirit   .   a - +0 robe
rPois   .          Reflect  .   (helmet restricted)
rElec   .          Harm     .   (no cloak)
rCorr   .          Rampage  .   (gloves unavailable)
Will    .....                   (boots unavailable)
Stlth   +.........              i - amulet of the acrobat
HPRegen 0.99/turn               l - +6 ring of strength
MPRegen 0.10/turn               (no ring)

@: lethally poisoned (-2 -> -7), about to teleport, fiery-armoured
A: large, unfitting armour, claws 3, regeneration 1, shaggy fur 1, tough skin 1
a: Renounce Religion, Fiery Armour, Foxfire Swarm, Rising Flame


You were on level 4 of the Dungeon.
You worshipped Ignis.
Ignis was extremely pleased with you.
You visited 1 branch of the dungeon, and saw 4 of its levels.

You collected 201 gold pieces.


Innate Abilities, Weirdness & Mutations

You are too large for most types of armour.
You have claws for hands.
Your natural rate of healing is unusually fast.
You are covered in fur. (AC +1)
You have tough skin. (AC +1)


   Skills:
 - Level 2.4 Fighting
 + Level 6.8 Unarmed Combat
 - Level 1.0 Spellcasting
 - Level 2.1 Fire Magic


You had 7 spell levels left.
You didn't know any spells.
Your spell library contained the following spells:

 Spells                   Type           Power      Damage    Failure   Level
 Scorch                   Fire           8%         2d5       22%         2

Inventory:

Armour
 a - a +0 robe (worn)
Jewellery
 i - an amulet of the acrobat (around neck)
 l - a +6 ring of strength (left claw)
Scrolls
 e - 3 scrolls of teleportation
 k - a scroll of identify
Potions
 c - a potion of cancellation
 d - a potion of curing
 g - a potion of heal wounds {unknown}
 h - a potion of degeneration {unknown}
 j - 3 potions of magic {unknown}

Dungeon Overview and Level Annotations

Branches:
Dungeon (4/15)             Temple (0/1) D:4

Altars:
Yredelemnul
The Shining One


Message History

The scorpion stings you.
The scorpion stings you but does no damage.
You scratch the scorpion but do no damage.
The scorpion is moderately wounded.
You feel very sick. The scorpion stings you.
You are more poisoned.
The scorpion poisons you!
3203 ||| INVOKING Fiery Armour.
A protective cloak of flame settles atop you.
You feel very sick. The scorpion stings you.
The scorpion is burned by your cloak of flames.
The scorpion is heavily wounded.
You scratch the scorpion but do no damage.
The scorpion is heavily wounded.
You feel very sick. The scorpion stings you.
The scorpion is burned by your cloak of flames.
The scorpion is severely wounded.
3205 ||| READING 4 scrolls of teleportation.
As you read the scroll of teleportation, it crumbles to dust.
You feel strangely unstable.
You feel very sick. The scorpion stings you.
You are lethally poisoned!
The scorpion poisons you!
You closely miss the scorpion.
The scorpion is severely wounded.
You feel very sick.
The scorpion stings you but does no damage.
The scorpion is burned by your cloak of flames.
The scorpion is almost dead.
You closely miss the scorpion.
The scorpion is almost dead.
You feel very sick. The scorpion barely misses you.
You claw the scorpion!
You kill the scorpion!
You die...

##.###.#######...#'###....
....................)......
######......###.##.>.....##
##.#.....#.....:....##
#.#.###.####.......##
#.#...# #..........##
####.###.#...####.......
.........#.# #.##....
.......@## #.#.....
.......%# ........
........# ##.......
........# .........
........' ##.#......
........# #.##.####
......... ... ......... #


There were no monsters in sight!

Vanquished Creatures
  A scorpion (D:4)
  A crimson imp (D:3)
  A jelly (D:4)
  Terence (D:3)
  An orc wizard (D:3)
  An iguana (D:4)
  3 adders
  A worm (D:4)
  5 dart slugs
  11 orcs
  7 endoplasms
  3 giant cockroaches (D:1)
  6 goblins
  7 hobgoblins
  5 quokkas
  7 ball pythons
  8 bats
  2 frilled lizards
  A goblin skeleton (D:3)
  3 goblin zombies (D:3)
  3 hobgoblin zombies (D:3)
  6 kobolds
  A kobold skeleton (D:3)
  An orc skeleton (D:3)
  2 orc zombies (D:3)
  2 rats
90 creatures vanquished.

Notes
Turn   | Place    | Note
-------+----------+-------------------------------------------
     0 | D:1      | qw the Troll Cinder Acolyte began the quest for the Orb.
     0 | D:1      | Reached XP level 1. HP: 22/22 MP: 1/1
     0 | D:1      | 0 ||| qw: Version: 0.1-a-102-g441f92d
     0 | D:1      | 0 ||| qw: Game counter: 5167
     0 | D:1      | 0 ||| qw: Always use a shield: true
     0 | D:1      | 0 ||| qw: God list: Okawaru
     0 | D:1      | 0 ||| qw: Allow faded altars: false
     0 | D:1      | 0 ||| qw: Do Orc after D:15 true
     0 | D:1      | 0 ||| qw: Do second Lair branch before Depths: true
     0 | D:1      | 0 ||| qw: Lair rune preference: random
     0 | D:1      | 0 ||| qw: Plans: Normal
     0 | D:1      | 0 ||| PLANNING D:1-11
    72 | D:1      | 72 ||| Stepping ~*~*~tactically~*~*~ (hiding).
   110 | D:1      | Reached XP level 2. HP: 29/29 MP: 2/2
   182 | D:1      | 182 ||| Stepping ~*~*~tactically~*~*~ (stealth).
   185 | D:1      | 185 ||| Stepping ~*~*~tactically~*~*~ (stealth).
   197 | D:1      | Found a faded altar of an unknown god.
   477 | D:1      | Reached skill level 4 in Unarmed Combat
   544 | D:1      | Reached XP level 3. HP: 36/36 MP: 3/3
   683 | D:1      | 683 ||| READING 2 scrolls labelled JECOFE VAEG.
   684 | D:1      | 684 ||| READING scroll labelled DOSMICZYUSH.
   685 | D:1      | 685 ||| READING scroll labelled XYMEMM QEUSSY.
   686 | D:1      | 686 ||| READING scroll labelled QIORESHR MEUPI.
   689 | D:1      | 689 ||| DROPPING scroll of fear.
   713 | D:2      | 713 ||| STAIRDANCE
  1271 | D:2      | 1271 ||| Stepping ~*~*~tactically~*~*~ (hiding).
  1497 | D:2      | 1497 ||| Stepping ~*~*~tactically~*~*~ (stealth).
  1525 | D:2      | Found a basalt altar of Yredelemnul.
  1586 | D:2      | 1586 ||| DROPPING orb of wrath.
  1587 | D:2      | 1587 ||| DRINKING 2 viscous emerald potions.
  1609 | D:3      | 1609 ||| STAIRDANCE
  1614 | D:3      | 1614 ||| Stepping ~*~*~tactically~*~*~ (outnumbered).
  1689 | D:3      | 1689 ||| Stepping ~*~*~tactically~*~*~ (hiding).
  1703 | D:3      | 1703 ||| INVOKING Fiery Armour.
  1705 | D:3      | Reached XP level 4. HP: 24/44 MP: 4/4
  1707 | D:3      | Reached skill level 5 in Unarmed Combat
  1744 | D:3      | 1744 ||| Stepping ~*~*~tactically~*~*~ (stealth).
  1851 | D:3      | Found a glowing golden altar of the Shining One.
  1852 | D:3      | 1852 ||| Stepping ~*~*~tactically~*~*~ (hiding).
  1860 | D:3      | Reached XP level 5. HP: 48/50 MP: 5/5
  1873 | D:3      | 1873 ||| Stepping ~*~*~tactically~*~*~ (stealth).
  2234 | D:3      | Noticed Terence
  2242 | D:3      | Killed Terence
  2243 | D:3      | Reached skill level 6 in Unarmed Combat
  2559 | D:3      | 2559 ||| UPGRADING to amulet of the acrobat.
  2564 | D:3      | 2564 ||| UPGRADING to +6 ring of strength.
  2565 | D:3      | 2565 ||| READING 4 scrolls labelled WUTWEGH MEOZEW.
  2566 | D:3      | 2566 ||| READING scroll labelled PITACI MYEFULI.
  2667 | D:3      | 2667 ||| READING scroll labelled RAUTACV ESUFIS.
  2668 | D:3      | 2668 ||| READING 3 scrolls of identify.
  2668 | D:3      | 2668 ||| IDENTIFYING dark potion
  2669 | D:3      | 2669 ||| READING 2 scrolls of identify.
  2669 | D:3      | 2669 ||| IDENTIFYING bubbling pink potion
  2670 | D:3      | 2670 ||| DROPPING potion of ambrosia.
  2742 | D:4      | 2742 ||| Stepping ~*~*~tactically~*~*~ (stealth).
  2864 | D:4      | Reached XP level 6. HP: 59/59 MP: 6/6
  3144 | D:4      | Found a staircase to the Ecumenical Temple.
  3203 | D:4      | 3203 ||| INVOKING Fiery Armour.
  3204 | D:4      | HP: 12/59 [scorpion (4)]
  3205 | D:4      | 3205 ||| READING 4 scrolls of teleportation.
  3206 | D:4      | HP: 3/59 [poisoned by a scorpion]
  3207 | D:4      | HP: 1/59 [poisoned by a scorpion]
  3208 | D:4      | Succumbed to a scorpion's poison

Levels and vault maps discovered:
D:1:      dpeg_arrival_rhombi, layout_loops_ring,
          dreamdust_ecumenical_altar_grove
D:2:      layout_loops_corners, basic_altar
D:3:      layout_loops_ring, nicolae_tso_besieged_by_evil,
          kennysheep_generic_room_14, uniq_terence
D:4:      layout_basic, minmay_temple_entry_offerings

Skill      XL: |  1  2  3  4  5 |
---------------+----------------+-----
Unarmed Combat | 4 5 6 |  6.8
Fighting       | |  2.4
Spellcasting   | |  1.0
Fire Magic     | |  2.1

Action                   |  1- 3 |  4- 6 || total
-------------------------+-------+-------++-------
Melee: Unarmed           |   118 |   107 ||   225
       Punch             |     2 |     3 ||     5
Invok: Fiery Armour      |     1 |     1 ||     2
  Use: Scroll            |     4 |     6 ||    10
       Potion            |     1 |       ||     1
Armor: Robe              |    30 |    26 ||    56
Dodge: Dodged            |    51 |    25 ||    76

Table legend:
 A = Non-vault XP
 B = Vault XP
 C = Vault XP percentage of total XP
 D = Non-vault monster count
 E = Vault monster count
 F = Vault count percentage of total count
                 A         B        C        D         E       F
            +---------+---------+-------+---------+---------+-------
      Total |     377 |      99 |  20.8 |      75 |      15 |  16.7
            +---------+---------+-------+---------+---------+-------
        D:1 |      49 |       0 |   0.0 |      27 |       0 |   0.0
        D:2 |      40 |       0 |   0.0 |      19 |       0 |   0.0
        D:3 |      81 |      99 |  55.0 |      16 |      15 |  48.4
        D:4 |     207 |       0 |   0.0 |      13 |       0 |   0.0
            +---------+---------+-------+---------+---------+-------
